 Dungeon Crawl Stone Soup version 0.19-a0-1587-gaef70b6 (webtiles) character file.

313 dvd the Shield-Bearer (level 6, -1/38 HPs)
             Began as a Gargoyle Fighter on Sept 16, 2016.
             Slain by an ogre
             ... wielding a +0 giant club
              (6 damage)
             ... on level 4 of the Dungeon.
             The game lasted 00:08:25 (3305 turns).

dvd the Shield-Bearer (Gargoyle Fighter)            Turns: 3305, Time: 00:08:25

Health: -1/38      AC: 15    Str: 22    XL:     6   Next: 43%
Magic:  6/6        EV:  6    Int:  9    God:
Gold:   137        SH: 10    Dex: 10    Spells: 0 memorised, 5 levels left

rFire  . . .     SeeInvis .     a - +0 flail
rCold  . . .     Gourm    .     t - +0 chain mail
rNeg   + . .     Faith    .     c - +0 shield
rPois  ∞         Spirit   .     (no helmet)
rElec  +         Dismiss  .     (no cloak)
rCorr  .         Reflect  .     (no gloves)
MR     .....     Harm     .     w - +0 pair of boots
Stlth  ..........               (no amulet)
                                (no ring)
                                n - +2 ring of strength

@: no status effects
A: negative energy resistance 1, electricity resistance, unbreathing,
petrification resistance, rot immunity, AC +4
a: no special abilities


You were on level 4 of the Dungeon.
You were not hungry.

You visited 1 branch of the dungeon, and saw 4 of its levels.

You collected 137 gold pieces.

Inventory:

Hand Weapons
 a - a +0 flail (weapon)
 b - a +0 hunting sling
 p - a +0 trident
 r - a +0 hand axe
 u - a +2 short sword of flaming
 x - a +0 short sword of draining
Missiles
 A - 9 sling bullets
Armour
 c - a +0 shield (worn)
 t - a +0 chain mail (worn)
 w - a +0 pair of boots (worn)
 B - a +0 scale mail
Jewellery
 n - a +2 ring of strength (left hand)
Scrolls
 e - a scroll of amnesia
 j - a scroll of magic mapping {unknown}
 k - a scroll of fear {unknown}
 l - a scroll of blinking {unknown}
 m - 3 scrolls of identify
 o - a scroll of enchant weapon {unknown}
 q - a scroll of immolation {unknown}
 s - a scroll of noise {unknown}
Potions
 d - 2 potions of might
 i - 7 potions of curing {unknown}
 v - a potion of haste {unknown}
 z - a potion of berserk rage
Comestibles
 f - 4 bread rations
 g - 2 meat rations
 h - 4 chunks of flesh
 C - a slice of pizza


   Skills:
 + Level 3.9 Fighting
 + Level 4.3 Maces & Flails
 + Level 4.2 Armour
 + Level 1.0 Dodging
 + Level 0.2 Stealth
 + Level 4.8 Shields


You had 5 spell levels left.
You didn't know any spells.

Dungeon Overview and Level Annotations

Branches:
Dungeon (4/15)
 Temple: D:4-7

Altars:
Dithmenos
Sif Muna


Innate Abilities, Weirdness & Mutations

You are resistant to torment.
Your stone body is resilient. (AC +4)
You are immune to poison.
You resist negative energy. (rN+)
You are resistant to electric shocks. (rElec)
You can survive without breathing.
You are immune to petrification.
You are immune to rotting.


Message History

You hit the ogre.
The ogre is heavily wounded.
The ogre hits you with a giant club!
You hit the ogre.
The ogre is severely wounded.
You block the ogre's attack.
You hit the ogre.
The ogre is severely wounded.
The ogre hits you with a giant club!
* * * LOW HITPOINT WARNING * * *
You hit the ogre.
The ogre is almost dead.
You block the ogre's attack.
You closely miss the ogre.
The ogre is almost dead.
You block the ogre's attack.
You hit the ogre but do no damage.
The ogre is almost dead.
The ogre hits you with a giant club.
You die...

#####....#.#
#....#.# ###
#....#'#######
..###............#
#.#..............#
##.#.#............#
...#.#............#
..<#.#............#
.###.#..........@.#
.....#..........O.#
#.#..#............#
.....#............#
.....#............#
.#...#............#
.#..........#######
.#...#.####.#
.#....... .#


You could see an ogre.

Vanquished Creatures
  An orc priest (D:3)
  4 orc wizards (D:3)
  9 adders
  2 worms
  11 orcs (D:3)
  3 ball pythons
  A giant cockroach (D:1)
  7 goblins
  10 hobgoblins
  7 jackals (D:1)
  3 kobolds
  2 quokkas
  7 bats
  4 frilled lizards
  13 rats
84 creatures vanquished.

Notes
Turn   | Place    | Note
-------+----------+-------------------------------------------
     0 | D:1      | dvd the Gargoyle Fighter began the quest for the Orb.
     0 | D:1      | Reached XP level 1. HP: 14/14 MP: 1/1
   148 | D:1      | Reached XP level 2. HP: 19/19 MP: 2/2
   413 | D:1      | Reached XP level 3. HP: 22/23 MP: 3/3
  1538 | D:2      | Found a shadowy altar of Dithmenos.
  1573 | D:2      | Reached XP level 4. HP: 20/29 MP: 4/4
  2168 | D:3      | Reached XP level 5. HP: 33/33 MP: 5/5
  2759 | D:3      | Reached skill level 1 in Dodging
  2877 | D:3      | Reached XP level 6. HP: 29/38 MP: 6/6
  3022 | D:3      | Found a deep blue altar of Sif Muna.
  3305 | D:4      | Slain by an ogre

Vault maps used:
D:1:      elethiomel_arrival_infinity_welcomes_careful_drivers, feat_on_display
D:2:      nicolae_dithmenos_through_a_glass_darkly, minmay_rat_gold_closets
D:3:      lemuel_doored_altar, first_bread, lightli_sewer_entry_pipes
D:4:      eat_drink_and_be_merry_uskayaw, lemuel_crystal_altar,
          lemuel_tele_altar, uniq_purgy, uniq_duvessa

Skill      XL: |  1  2  3  4  5 |
---------------+----------------+-----
Maces & Flails | 3 4 |  4.3
Shields        | 4 |  4.8
Dodging        | 1 |  1.0
Armour         | 4 |  4.2
Fighting       | |  3.9
Stealth        | |  0.2

Action                   |  1- 3 |  4- 6 || total
-------------------------+-------+-------++-------
Melee: Flail             |   160 |   246 ||   406
  Use: Scroll            |       |     3 ||     3
  Eat: Chunk             |     2 |     7 ||     9
Armor: Scale mail        |    93 |    42 ||   135
       Chain mail        |       |   108 ||   108
Dodge: Dodged            |    56 |    71 ||   127
Block: Shield            |    84 |   128 ||   212
